 Dungeon Crawl Stone Soup version 0.31-a0-588-g14bffd4ff3 (webtiles) character file.

Game seed: 2667782902263200985

1622 AdnanSaban the Cudgeller (level 8, 0/51 HPs)
             Began as a Gargoyle Fighter on Aug 19, 2023.
             Was a Believer of Okawaru.
             Killed by divine providence
             ... invoked by an orc priest
              (11 damage)
             ... on level 6 of the Dungeon.
             The game lasted 00:04:07 (4974 turns).

AdnanSaban the Cudgeller (Gargoyle Fighter)         Turns: 4974, Time: 00:04:08

Health: 0/51       AC: 14    Str: 23    XL:     8   Next: 96%
Magic:  8/8        EV: 10    Int:  8    God:    Okawaru [**....]
Gold:   207        SH:  5    Dex:  9    Spells: 7/7 levels left

rFire   + . .        a - +0 flail
rCold   + . .        c - +0 buckler
rNeg    + . .        b - +0 scale mail
rPois   ∞            p - +0 helmet
rElec   +            (no cloak)
rCorr   .            (no gloves)
SInv    .            (no boots)
Will    .....        (no amulet) Stlth
                     l - ring of protection from cold
HPRegen 0.28/turn    o - ring of protection from fire
MPRegen 0.11/turn

%: no passive effects
@: no status effects
A: sickness immunity, AC +5, negative energy resistance 1, electricity
resistance, torment resistance 1, petrification resistance
a: Renounce Religion, Heroism


You were on level 6 of the Dungeon.
You worshipped Okawaru.
Okawaru was pleased with you.
You visited 2 branches of the dungeon, and saw 7 of its levels.

You collected 207 gold pieces.

Inventory:

Hand Weapons
 a - a +0 flail (weapon)
Missiles
 e - 13 poisoned darts (quivered)
 t - 2 throwing nets
 x - 5 boomerangs
Armour
 b - a +0 scale mail (worn)
 c - a +0 buckler (worn)
 p - a +0 helmet (worn)
Jewellery
 l - a ring of protection from cold (left hand)
 o - a ring of protection from fire (right hand)
 C - an amulet of regeneration
Scrolls
 h - a scroll of silence {unknown}
 i - 2 scrolls of fear {unknown}
 j - a scroll of enchant weapon {unknown}
 n - 2 scrolls of identify {unknown}
 q - 2 scrolls of poison {unknown}
 r - a scroll of brand weapon {unknown}
 s - 2 scrolls of amnesia {unknown}
 u - a scroll of enchant armour {unknown}
 w - a scroll of vulnerability {unknown}
 y - 3 scrolls of teleportation {unknown}
 z - a scroll of immolation {unknown}
 A - a scroll of summoning {unknown}
Potions
 d - a potion of might
 f - 3 potions of mutation {unknown}
 g - 3 potions of attraction {unknown}
 k - 2 potions of ambrosia {unknown}
 m - 2 potions of haste {unknown}
 v - a potion of curing {unknown}
 B - a potion of enlightenment {unknown}


   Skills:
 + Level 5.7 Fighting
 + Level 7.8 Maces & Flails
 + Level 0.3 Throwing
 + Level 5.7 Armour
 + Level 2.0 Dodging
 + Level 0.2 Stealth
 + Level 5.6 Shields


You had 7 spell levels left.
You didn't know any spells.
Your spell library contained the following spells:

 Spells                   Type           Power      Damage    Failure   Level
 Apportation              Tloc           0%         N/A       77%         1
 Freeze                   Ice            0%         1d3       77%         1
 Kiss of Death            Conj/Necr      0%         2d5       77%         1
 Necrotise                Necr           0%         1d4       77%         1
 Blink                    Tloc           0%         N/A       88%         2
 Lesser Beckoning         Tloc           0%         N/A       88%         2
 Momentum Strike          Conj/Tloc      0%         3d8       88%         2
 Confusing Touch          Hex            0%         N/A       98%         3
 Frozen Ramparts          Ice            0%         1d1       98%         3
 Hailstorm                Conj/Ice       0%         3d3       98%         3
 Dispel Undead            Necr           0%         3d6       100%        4
 Summon Small Mammal      Summ           Unusable   N/A       N/A         1

Dungeon Overview and Level Annotations

Branches:
Dungeon (6/15)             Temple (1/1) D:4

Altars:
Ashenzari
Cheibriados
Dithmenos
Elyvilon
Fedhas
Gozag
Hepliaklqana
Kikubaaqudgha
Makhleb
Nemelex Xobeh
Okawaru
Qazlal
Ru
Sif Muna
Trog
Uskayaw
Vehumet
Wu Jian
Xom
Yredelemnul
Zin
The Shining One

Shops:
D:1 [


Innate Abilities, Weirdness & Mutations

You are immune to sickness and miasma.
Your stone body is resilient. (AC +5)
You are immune to poison.
You resist negative energy. (rN+)
You are resistant to electric shocks. (rElec)
You are resistant to unholy torment.
You are immune to petrification.


Message History

HP restored.
You now have 197 gold pieces (gained 11).
Things that are here:
a +0 giant club; an ogre corpse You see here a scorpion corpse.
B - a fizzy puce potion You now have 207 gold pieces (gained 10).
C - an amulet of regeneration
Found a stone staircase leading down.
Found a scale mail.
No target in view!
An orc comes into view. It is wielding a +0 short sword.
You see here a +0 scale mail.
An orc is nearby!
An orc is nearby! 2 orcs come into view.
The orc shouts! x2
An orc priest comes into view. It is wielding a +0 dagger.
The orc priest shouts!
You hear a bark!
The orc hits you with a +0 short sword.
An orc priest comes into view. It is wielding a +0 flail.
The orc priest shouts!
You barely miss the orc. The orc closely misses you.
You hit the orc.
The orc is moderately wounded.
A hound comes into view.
The orc hits you but does no damage.
The orc priest invokes the aid of Beogh against you.
Beogh smites you!
The hound barks!
The orc priest invokes the aid of Beogh against you.
Beogh smites you!
The orc priest mumbles some strange prayers to Beogh against you.
Beogh smites you!
* * * LOW HITPOINT WARNING * * *
You see here a +0 scale mail.
There is a stone staircase leading down here.
The orc priest mumbles some strange prayers to Beogh against you.
Beogh smites you!
You die...

#..................
#..................
#..................
#................. #
#.......##.....# .#
##.......##.....# ..#
#...............##..#
#...................##
+......@..............
##....o######^..##...
##...oo## ##...##..#
#.....h.# #........#
#.......# #....##..# .
#.....o.#
#....##..##..
##...o..#
#............ #...$..#
#........## ........#
#......).####


You could see a hound, 2 orc priests and 3 orcs.

Vanquished Creatures
  Pikel (D:5)
  A steam dragon (D:5)
  A water moccasin (D:5)
  2 black bears
  2 ogres
  2 lemures (D:5)
  Blork the orc (D:4)
  4 scorpions
  A hound (D:5)
  A jelly (D:5)
  A sleepcap (D:5)
  An orc wizard (D:5)
  2 iguanas
  6 gnolls
  4 adders
  A worm (D:2)
  6 orcs
  8 bats
  11 endoplasms
  3 giant cockroaches
  4 goblins
  4 hobgoblins
  5 jackals
  4 quokkas
  7 ball pythons
  4 frilled lizards
  6 kobolds
  7 rats
100 creatures vanquished.

Notes
Turn   | Place    | Note
-------+----------+-------------------------------------------
     0 | D:1      | AdnanSaban the Gargoyle Fighter began the quest for the
                  | Orb.
     0 | D:1      | Reached XP level 1. HP: 14/14 MP: 1/1
   182 | D:1      | Reached XP level 2. HP: 18/19 MP: 2/2
   186 | D:1      | Found a faded altar of an unknown god.
   454 | D:1      | Reached XP level 3. HP: 24/24 MP: 3/3
   720 | D:1      | Found Leniwk's Antique Armour Emporium.
   949 | D:2      | Identified the +2 robe of Goepnusmu {+Inv Str+3 Dex-4}
  1748 | D:3      | Reached XP level 4. HP: 28/29 MP: 4/4
  1824 | D:3      | Reached skill level 3 in Maces & Flails
  2441 | D:4      | Identified the +6 quarterstaff of Karma {elec, Will+ Int+4}
  2479 | D:4      | Reached XP level 5. HP: 33/33 MP: 5/5
  2568 | D:4      | Identified the +9 arbalest of the Dead {flame, Will- Str+3
                  | Int+3}
  2995 | D:4      | Found a staircase to the Ecumenical Temple.
  3003 | Temple   | Entered the Ecumenical Temple
  3008 | Temple   | Became a worshipper of Warmaster Okawaru
  3019 | D:4      | Found a hide-covered altar of Uskayaw.
  3021 | D:4      | Found a shimmering altar of Xom.
  3021 | D:4      | Found a sacrificial altar of Ru.
  3022 | D:4      | Found a radiant altar of Vehumet.
  3316 | D:5      | Entered Level 5 of the Dungeon
  3329 | D:5      | Reached skill level 4 in Maces & Flails
  3484 | D:5      | Reached XP level 6. HP: 37/38 MP: 6/6
  3489 | D:5      | Noticed a black bear
  3489 | D:5      | Noticed a black bear
  3540 | D:4      | Killed a black bear
  3652 | D:5      | Noticed a steam dragon
  3708 | D:5      | Killed a steam dragon
  3708 | D:5      | Reached * piety under Okawaru
  3709 | D:5      | Reached skill level 5 in Maces & Flails
  3709 | D:5      | Reached skill level 1 in Dodging
  3709 | D:5      | Reached XP level 7. HP: 20/44 MP: 7/7
  4023 | D:5      | Noticed Pikel
  4023 | D:5      | Noticed Blork the orc
  4051 | D:4      | Killed Blork the orc
  4110 | D:5      | Killed Pikel
  4110 | D:5      | Reached ** piety under Okawaru
  4111 | D:5      | Reached skill level 5 in Fighting
  4111 | D:5      | Reached skill level 6 in Maces & Flails
  4111 | D:5      | Reached skill level 5 in Armour
  4111 | D:5      | Reached skill level 5 in Shields
  4111 | D:5      | Reached XP level 8. HP: 17/49 MP: 8/8
  4568 | D:5      | Reached skill level 7 in Maces & Flails
  4974 | D:6      | Killed from afar by an orc priest

Illustrated notes

Levels and vault maps discovered:
D:1:      evilmike_arrival_hilbert_curve, layout_basic,
          hellmonk_ecumenical_altar_run_dry, serial_shops, shop,
          minmay_misc_feat_pillars, minmay_pentomino_x2
D:2:      layout_basic
D:3:      layout_loops_ring
D:4:      layout_basic, chequers_temple_overflow_statue_of_worship, temple_green
D:5:      minmay_bubble_buster, layout_loops_cross, minmay_misc_feat_plants,
          uniq_blork_the_orc, uniq_pikel, uniq_menkaure
D:6:      layout_gridville, nicolae_shop_fire_sale [nicolae_sub_dead_trees],
          feat_on_display, uniq_eustachio, uniq_sigmund
Temple:   dpeg_three_leaves_temple

Skill      XL: |  1  2  3  4  5  6  7  8 |
---------------+-------------------------+-----
Maces & Flails | 3 4 5 6 7 |  7.8
Armour         | 4 5 |  5.7
Shields        | 4 5 |  5.6
Fighting       | 4 5 |  5.7
Dodging        | 1 2 |  2.0
Throwing       | |  0.3
Stealth        | |  0.2

Action                     |  1- 3 |  4- 6 |  7- 9 || total
---------------------------+-------+-------+-------++-------
  Melee: Flail             |   159 |   145 |   154 ||   458
  Throw: Dart              |       |     5 |       ||     5
 Armour: Scale mail        |    99 |   106 |    88 ||   293
  Dodge: Dodged            |    85 |    64 |    73 ||   222
  Block: Buckler           |    48 |    45 |    37 ||   130

Table legend: (Time is in decaauts)
 A = Elapsed time spent in this place.
 B = Non-inter-level travel time spent in this place.
 C = Inter-level travel time spent in this place.
 D = Time resting spent in this place.
 E = Time spent auto-exploring this place.
 F = Levels seen in this place.
 G = Mean time per level.
                   A        B        C        D        E       F      G
               +--------+--------+--------+--------+--------+-----+--------+
         Total |   5077 |   4910 |    167 |     41 |   3878 |   7 |  725.3 |
       Dungeon |   5067 |   4904 |    163 |     41 |   3878 |   6 |  844.5 |
        Temple |     10 |      6 |      4 |      0 |      0 |   1 |   10.0 |
               +--------+--------+--------+--------+--------+-----+--------+

Top non-repeatable levels by time:
     D:5: 1501 daAuts
     D:4: 1038 daAuts
     D:2: 897 daAuts
     D:1: 774 daAuts
     D:3: 743 daAuts
     D:6: 112 daAuts
  Temple: 10 daAuts
